| TOP OF THE 1ST |
|
Houston Colt .45's batting - Pitching for Oakland Oaks : RHP Dan Rohrbach
|
|
Pitching: RHP Dan Rohrbach
|
|
|
Batting: RHB Jarno van Lente
|
0-0: Called Strike 0-1: Ball 1-1: Foul Ball, location: 2F 1-2: Fly out, F3 (Popup, 3SF, EV 86.3 MPH)
|
|
Batting: RHB Jason Monico
|
0-0: Ball 1-0: DOUBLE (Flyball, 8LXD, EV 106.9 MPH)
|
|
Batting: LHB Bob Dietz
|
0-0: Ball 1-0: Called Strike 1-1: Swinging Strike 1-2: Strikes out looking
|
|
Batting: RHB Juan Mendoza
|
0-0: Called Strike 0-1: Ball 1-1: Ball 2-1: Hit by Pitch
|
|
Batting: RHB To-wai Chen
|
0-0: Ball 1-0: Called Strike 1-1: Called Strike 1-2: Ball 2-2: Foul Ball, location: 2F 2-2: Foul Ball, location: 2F 2-2: Ball 3-2: Strikes out swinging
|
| Top of the 1st over - 0 runs, 1 hit, 0 errors, 2 left on base; Houston 0 - Oakland 0 |
| BOTTOM OF THE 1ST |
|
Oakland Oaks batting - Pitching for Houston Colt .45's : RHP Russ Greer
|
|
Pitching: RHP Russ Greer
|
|
|
Batting: RHB Brian Callaghan
|
0-0: Foul Ball, location: 2F 0-1: Ball 1-1: Foul Ball, location: 2F 1-2: Ball 2-2: Strikes out swinging
|
|
Batting: RHB Scott Lister
|
0-0: Called Strike 0-1: Swinging Strike 0-2: Ball 1-2: Foul Ball, location: 2F 1-2: Ball 2-2: Foul Ball, location: 2F 2-2: Fly out, F9 (Flyball, 89M, EV 92.5 MPH)
|
|
Batting: LHB Alejandro Muniz
|
0-0: Ball 1-0: SINGLE (Groundball, 4MD, EV 95.6 MPH)
|
|
Batting: SHB Steve Salafia
|
0-0: Called Strike 0-1: Ball 1-1: SINGLE (Line Drive, 34D, EV 105.0 MPH) Alejandro Muniz to second
|
|
Batting: LHB Mike Murphy
|
0-0: Foul Ball, location: 2F 0-1: Ball 1-1: Foul Ball, location: 2F 1-2: Ground out 4-3 (Groundball, 4, EV 83.1 MPH)
|
| Bottom of the 1st over - 0 runs, 2 hits, 0 errors, 2 left on base; Houston 0 - Oakland 0 |
| TOP OF THE 2ND |
|
Houston Colt .45's batting - Pitching for Oakland Oaks : RHP Dan Rohrbach
|
|
Batting: RHB Erik Smith
|
0-0: Hit by Pitch
|
|
Batting: SHB Miguel Sierra
|
0-0: Hit by Pitch Erik Smith to second
|
|
Batting: RHB Tim Watson
|
0-0: Ball 1-0: Ball 2-0: Called Strike 2-1: Foul Ball, location: 2F 2-2: Strikes out swinging
|
|
Batting: RHB Moises Hernandez Jr.
|
0-0: Bunt missed! 0-1: Sac Bunt to 15S - play at first, batter OUT! 1-4 Erik Smith to third Miguel Sierra to second
|
|
Batting: RHB Jarno van Lente
|
0-0: Swinging Strike 0-1: Swinging Strike 0-2: Strikes out swinging
|
| Top of the 2nd over - 0 runs, 0 hits, 0 errors, 2 left on base; Houston 0 - Oakland 0 |
| BOTTOM OF THE 2ND |
|
Oakland Oaks batting - Pitching for Houston Colt .45's : RHP Russ Greer
|
|
Batting: LHB Marcus Pollard
|
0-0: DOUBLE (Flyball, 89XD, EV 104.4 MPH)
|
|
Batting: RHB Jon Coakley
|
0-0: Ball 1-0: Ground out 4-3 (Groundball, 4, EV 86.9 MPH) Marcus Pollard to third
|
|
Batting: RHB Jake Leffel
|
0-0: Ball 1-0: Ball 2-0: Foul Ball, location: 2F 2-1: Ball 3-1: Base on Balls
|
|
Batting: RHB Alberto Malagon
|
0-0: Ball 1-0: Called Strike Jake Leffel steals 2nd base 1-1: Ball 2-1: Called Strike 2-2: Ball 3-2: Foul Ball, location: 2F 3-2: Fly out, F9 (Line Drive, 9, EV 89.4 MPH)
|
|
Batting: RHB Brian Callaghan
|
0-0: SINGLE (Groundball, 2L, EV 74.4 MPH) (infield hit) Marcus Pollard scores Jake Leffel to third
|
|
Batting: RHB Scott Lister
|
0-0: Ball 1-0: Called Strike Brian Callaghan steals 2nd base (no throw) 1-1: Ball Wild Pitch! Jake Leffel scores Brian Callaghan to third 2-1: Fly out, F7 (Flyball, 78XD, EV 107.5 MPH)
|
| Bottom of the 2nd over - 2 runs, 2 hits, 0 errors, 1 left on base; Houston 0 - Oakland 2 |
| TOP OF THE 3RD |
|
Houston Colt .45's batting - Pitching for Oakland Oaks : RHP Dan Rohrbach
|
|
Batting: RHB Jason Monico
|
0-0: Foul Ball, location: 2F 0-1: Ball 1-1: Swinging Strike 1-2: Strikes out looking
|
|
Batting: LHB Bob Dietz
|
0-0: Swinging Strike 0-1: Foul Ball, location: 2F 0-2: Foul Ball, location: 2F 0-2: Ball 1-2: Fly out, F6 (Popup, P, EV 85.6 MPH)
|
|
Batting: RHB Juan Mendoza
|
0-0: Ball 1-0: Called Strike 1-1: Ball 2-1: SINGLE (Flyball, 89S, EV 90.0 MPH)
|
|
Batting: RHB To-wai Chen
|
0-0: Swinging Strike 0-1: Ball 1-1: Foul Ball, location: 2F 1-2: Ground out 4-3 (Groundball, 4D, EV 100.0 MPH)
|
| Top of the 3rd over - 0 runs, 1 hit, 0 errors, 1 left on base; Houston 0 - Oakland 2 |
| BOTTOM OF THE 3RD |
|
Oakland Oaks batting - Pitching for Houston Colt .45's : RHP Russ Greer
|
|
Batting: LHB Alejandro Muniz
|
0-0: Ball 1-0: Ball 2-0: Ball 3-0: Base on Balls
|
|
Batting: SHB Steve Salafia
|
0-0: 2-RUN HOME RUN (Flyball, 9D, EV 103.1 MPH), Distance : 421 ft
|
|
Batting: LHB Mike Murphy
|
0-0: Foul Ball, location: 2F 0-1: Ball 1-1: Foul Ball, location: 2F 1-2: Ground out U3 (Groundball, 13, EV 85.0 MPH)
|
|
Batting: LHB Marcus Pollard
|
0-0: Fly out, F8 (Line Drive, 8RM, EV 83.8 MPH)
|
|
Batting: RHB Jon Coakley
|
0-0: Ball 1-0: Fly out, F9 (Flyball, 9LS, EV 76.3 MPH)
|
| Bottom of the 3rd over - 2 runs, 1 hit, 0 errors, 0 left on base; Houston 0 - Oakland 4 |
| TOP OF THE 4TH |
|
Houston Colt .45's batting - Pitching for Oakland Oaks : RHP Dan Rohrbach
|
|
Batting: RHB Erik Smith
|
0-0: Foul Ball, location: 2F 0-1: Ball 1-1: Swinging Strike 1-2: Strikes out looking
|
|
Batting: SHB Miguel Sierra
|
0-0: Swinging Strike 0-1: Swinging Strike 0-2: Strikes out looking
|
|
Batting: RHB Tim Watson
|
0-0: Ball 1-0: Fly out, F7 (Flyball, 78D, EV 87.5 MPH)
|
| Top of the 4th over - 0 runs, 0 hits, 0 errors, 0 left on base; Houston 0 - Oakland 4 |
| BOTTOM OF THE 4TH |
|
Oakland Oaks batting - Pitching for Houston Colt .45's : RHP Russ Greer
|
|
Batting: RHB Jake Leffel
|
0-0: SINGLE (Line Drive, 78S, EV 103.8 MPH)
|
|
Batting: RHB Alberto Malagon
|
0-0: Fly out, F9 (Flyball, 9, EV 77.5 MPH)
|
|
Batting: RHB Brian Callaghan
|
0-0: Ball 1-0: Called Strike 1-1: Ball Wild Pitch! Jake Leffel to second 2-1: Swinging Strike 2-2: Foul Ball, location: 2F 2-2: Foul Ball, location: 2F 2-2: Strikes out swinging
|
|
Batting: RHB Scott Lister
|
0-0: Ball Passed Ball! Jake Leffel to third 1-0: Ball 2-0: Ball 3-0: Base on Balls
|
|
Batting: LHB Alejandro Muniz
|
0-0: Called Strike 0-1: Ball 1-1: Ball 2-1: SINGLE (Groundball, 56D, EV 108.8 MPH) Jake Leffel scores Scott Lister to second
|
|
Batting: SHB Steve Salafia
|
0-0: Foul Ball, location: 2F 0-1: Ball 1-1: Ground out U3 (Groundball, 13, EV 78.1 MPH)
|
| Bottom of the 4th over - 1 run, 2 hits, 0 errors, 2 left on base; Houston 0 - Oakland 5 |
| TOP OF THE 5TH |
|
Houston Colt .45's batting - Pitching for Oakland Oaks : RHP Dan Rohrbach
|
|
Batting: RHB Moises Hernandez Jr.
|
0-0: SINGLE (Line Drive, 56, EV 97.5 MPH)
|
|
Batting: RHB Jarno van Lente
|
0-0: Ball 1-0: Fly out, F4 (Line Drive, 4, EV 75.6 MPH)
|
|
Batting: RHB Jason Monico
|
0-0: Ball 1-0: Ball 2-0: Foul Ball, location: 2F 2-1: Foul Ball, location: 2F 2-2: Foul Ball, location: 2F 2-2: Ball 3-2: Strikes out swinging
|
|
Batting: LHB Bob Dietz
|
0-0: Called Strike 0-1: Ball 1-1: Called Strike 1-2: Ball 2-2: Foul Ball, location: 2F 2-2: Strikes out swinging
|
| Top of the 5th over - 0 runs, 1 hit, 0 errors, 1 left on base; Houston 0 - Oakland 5 |
| BOTTOM OF THE 5TH |
|
Oakland Oaks batting - Pitching for Houston Colt .45's : RHP Russ Greer
|
|
Batting: LHB Mike Murphy
|
0-0: Ball 1-0: Fly out, F7 (Line Drive, 7, EV 110.6 MPH)
|
|
Batting: LHB Marcus Pollard
|
0-0: DOUBLE (Line Drive, 7LS, EV 99.4 MPH)
|
|
Batting: RHB Jon Coakley
|
0-0: Foul Ball, location: 2F 0-1: Ball 1-1: Foul Ball, location: 2F 1-2: Ball 2-2: Foul Ball, location: 2F 2-2: Fly out, F8 (Line Drive, 8LD, EV 90.0 MPH)
|
|
Batting: RHB Jake Leffel
|
0-0: Called Strike 0-1: SINGLE (Groundball, 4, EV 99.4 MPH) Marcus Pollard to third Runner from 3rd tries for Home, throw by CF and OUT! 8-2
|
| Bottom of the 5th over - 0 runs, 2 hits, 0 errors, 1 left on base; Houston 0 - Oakland 5 |
| TOP OF THE 6TH |
|
Houston Colt .45's batting - Pitching for Oakland Oaks : RHP Dan Rohrbach
|
|
Batting: RHB Juan Mendoza
|
0-0: Called Strike 0-1: Swinging Strike 0-2: Foul Ball, location: 2F 0-2: Hit by Pitch
|
|
Pitching: RHP Corbin Schenn
|
|
|
Batting: RHB To-wai Chen
|
0-0: Swinging Strike 0-1: Foul Ball, location: 2F 0-2: Foul Ball, location: 2F 0-2: Ball 1-2: Ball 2-2: Foul Ball, location: 2F 2-2: Foul Ball, location: 2F 2-2: Strikes out swinging
|
|
Batting: RHB Erik Smith
|
0-0: Called Strike 0-1: Ball 1-1: SINGLE (Line Drive, 56, EV 98.1 MPH) Juan Mendoza to second
|
|
Batting: SHB Miguel Sierra
|
0-0: Foul Ball, location: 2F 0-1: Ball 1-1: Swinging Strike 1-2: Foul Ball, location: 2F 1-2: Ball 2-2: Foul Ball, location: 2F 2-2: Foul Ball, location: 2F 2-2: Foul Ball, location: 2F 2-2: Foul Ball, location: 2F 2-2: Foul Ball, location: 2F 2-2: Ball 3-2: Foul Ball, location: 2F 3-2: Strikes out looking
|
|
Batting: RHB Tim Watson
|
0-0: Ball 1-0: Swinging Strike 1-1: Fielders Choice at 2nd, 6-4 (Groundball, 6, EV 97.5 MPH)
|
| Top of the 6th over - 0 runs, 1 hit, 0 errors, 2 left on base; Houston 0 - Oakland 5 |
| BOTTOM OF THE 6TH |
|
Oakland Oaks batting - Pitching for Houston Colt .45's : RHP Russ Greer
|
|
Batting: RHB Alberto Malagon
|
0-0: Called Strike 0-1: Called Strike 0-2: Ball 1-2: SINGLE (Line Drive, 89S, EV 104.4 MPH)
|
|
Pitching: RHP Devin Spears
|
|
|
Batting: RHB Brian Callaghan
|
0-0: Called Strike 0-1: Foul Ball, location: 2F 0-2: Ball 1-2: Ball 2-2: Foul Ball, location: 2F 2-2: Foul Ball, location: 2F 2-2: Ball 3-2: Base on Balls Alberto Malagon to second
|
|
Batting: RHB Scott Lister
|
0-0: Called Strike 0-1: Called Strike 0-2: Ball 1-2: Ball 2-2: Foul Ball, location: 2F 2-2: DOUBLE (Flyball, 89XD, EV 93.8 MPH) Alberto Malagon scores Brian Callaghan to third
|
|
Batting: LHB Alejandro Muniz
|
0-0: Called Strike 0-1: Fly out, F9 (Flyball, 9S, EV 76.9 MPH)
|
|
Batting: SHB Steve Salafia
|
0-0: Swinging Strike 0-1: Ball 1-1: Ball 2-1: Ball 3-1: Base on Balls
|
|
Batting: LHB Mike Murphy
|
0-0: Called Strike 0-1: Called Strike 0-2: Ball Passed Ball! Brian Callaghan scores Scott Lister to third Steve Salafia to second 1-2: Ball 2-2: Ball 3-2: Base on Balls
|
|
Batting: LHB Marcus Pollard
|
0-0: Foul Ball, location: 2F 0-1: Ball 1-1: Ball 2-1: Called Strike 2-2: SINGLE (Groundball, 5S, EV 65.0 MPH) (infield hit) Scott Lister scores Steve Salafia to third Mike Murphy to second
|
|
Batting: RHB Jon Coakley
|
0-0: Called Strike 0-1: Ball 1-1: Called Strike 1-2: Ball 2-2: Ball 3-2: Base on Balls Steve Salafia scores Mike Murphy to third Marcus Pollard to second
|
|
Batting: RHB Jake Leffel
|
0-0: Ball 1-0: Called Strike 1-1: Ball 2-1: SINGLE (Line Drive, 8RS, EV 96.9 MPH) Mike Murphy scores Marcus Pollard to third Jon Coakley to second Runner from 3rd tries for Home, SAFE, throw by CF to home
|
|
Pitching: LHP Mark Sanders
|
|
|
Batting: RHB Alberto Malagon
|
0-0: Called Strike 0-1: Foul Ball, location: 2F 0-2: Foul Ball, location: 2F 0-2: Ball Passed Ball! Jon Coakley to third Jake Leffel to second 1-2: Fly out, F8 (Line Drive, 8LD, EV 103.1 MPH) Runner from 3rd tags up, SCORES, throw by CF Jake Leffel to third
|
|
Batting: RHB Brian Callaghan
|
0-0: Called Strike 0-1: Foul Ball, location: 2F 0-2: Ball 1-2: Ground out 5-3 (Groundball, 5S, EV 83.8 MPH)
|
| Bottom of the 6th over - 7 runs, 4 hits, 0 errors, 1 left on base; Houston 0 - Oakland 12 |
| TOP OF THE 7TH |
|
Houston Colt .45's batting - Pitching for Oakland Oaks : RHP Corbin Schenn
|
|
Batting: RHB Moises Hernandez Jr.
|
0-0: Swinging Strike 0-1: Called Strike 0-2: Ball 1-2: Ball 2-2: Strikes out looking
|
|
Batting: RHB Jarno van Lente
|
0-0: Called Strike 0-1: Ball 1-1: Ball 2-1: Called Strike 2-2: Strikes out looking
|
|
Batting: RHB Jason Monico
|
0-0: Foul Ball, location: 2F 0-1: Foul Ball, location: 2F 0-2: Ball 1-2: Ball 2-2: Ball 3-2: Strikes out swinging
|
| Top of the 7th over - 0 runs, 0 hits, 0 errors, 0 left on base; Houston 0 - Oakland 12 |
| BOTTOM OF THE 7TH |
|
Oakland Oaks batting - Pitching for Houston Colt .45's : LHP Mark Sanders
|
|
Batting: RHB Scott Lister
|
0-0: SINGLE (Groundball, 56D, EV 105.6 MPH)
|
|
Batting: LHB Alejandro Muniz
|
0-0: Ball 1-0: SINGLE (Groundball, 6D, EV 95.0 MPH) Scott Lister to second
|
|
Batting: SHB Steve Salafia
|
0-0: DOUBLE (Line Drive, 89D, EV 108.8 MPH) Scott Lister scores Alejandro Muniz to third
|
|
Batting: LHB Mike Murphy
|
0-0: Called Strike 0-1: SINGLE (Groundball, P, EV 93.1 MPH) (infield hit) Alejandro Muniz scores Steve Salafia to third
|
|
Batting: LHB Marcus Pollard
|
0-0: Foul Ball, location: 2F 0-1: Grounds into double play, 6-4-3 (Groundball, 6, EV 78.1 MPH) Steve Salafia scores
|
|
Batting: RHB Jon Coakley
|
0-0: Ball 1-0: Called Strike 1-1: Reached on error, E7 (Line Drive, 7, EV 111.3 MPH)
|
|
Pitching: RHP Mike Wirick
|
|
|
Batting: RHB Jake Leffel
|
0-0: Called Strike 0-1: Ball 1-1: Fly out, F7 (Line Drive, 7, EV 94.4 MPH)
|
| Bottom of the 7th over - 3 runs, 4 hits, 1 error, 1 left on base; Houston 0 - Oakland 15 |
| TOP OF THE 8TH |
|
Houston Colt .45's batting - Pitching for Oakland Oaks : RHP Corbin Schenn
|
|
Batting: LHB Bob Dietz
|
0-0: Ball 1-0: Swinging Strike 1-1: Called Strike 1-2: Strikes out swinging
|
|
Batting: RHB Juan Mendoza
|
0-0: Called Strike 0-1: Swinging Strike 0-2: Ball 1-2: Ball 2-2: Ball 3-2: Strikes out swinging
|
|
Batting: RHB To-wai Chen
|
0-0: Ball 1-0: Foul Ball, location: 2F 1-1: Ball 2-1: Foul Ball, location: 2F 2-2: Strikes out looking
|
| Top of the 8th over - 0 runs, 0 hits, 0 errors, 0 left on base; Houston 0 - Oakland 15 |
| BOTTOM OF THE 8TH |
|
Oakland Oaks batting - Pitching for Houston Colt .45's : RHP Mike Wirick
|
|
Batting: RHB Alberto Malagon
|
0-0: Foul Ball, location: 2F 0-1: Called Strike 0-2: Fly out, F7 (Line Drive, 7, EV 84.4 MPH)
|
|
Batting: RHB Brian Callaghan
|
0-0: Called Strike 0-1: Called Strike 0-2: Ball 1-2: Ball 2-2: Strikes out swinging
|
|
Batting: RHB Scott Lister
|
0-0: Ball 1-0: Ball 2-0: Ball 3-0: Base on Balls
|
|
Batting: LHB Alejandro Muniz
|
0-0: Called Strike 0-1: Fly out, F9 (Flyball, 89M, EV 89.4 MPH)
|
| Bottom of the 8th over - 0 runs, 0 hits, 0 errors, 1 left on base; Houston 0 - Oakland 15 |
| TOP OF THE 9TH |
|
Houston Colt .45's batting - Pitching for Oakland Oaks : RHP Corbin Schenn
|
|
Batting: RHB Erik Smith
|
0-0: Ball 1-0: Called Strike 1-1: Foul Ball, location: 2F 1-2: Strikes out swinging
|
|
Pitching: RHP Chad Cooper
|
|
|
Batting: SHB Miguel Sierra
|
0-0: Ball 1-0: Called Strike 1-1: Called Strike 1-2: Foul Ball, location: 2F 1-2: Foul Ball, location: 2F 1-2: Ball 2-2: Strikes out swinging
|
|
Batting: RHB Tim Watson
|
0-0: Called Strike 0-1: Swinging Strike 0-2: Ball 1-2: Foul Ball, location: 2F 1-2: Ball 2-2: Foul Ball, location: 2F 2-2: Strikes out swinging
|
| Top of the 9th over - 0 runs, 0 hits, 0 errors, 0 left on base; Houston 0 - Oakland 15 |
|